[Event "12th KIIT International 2019"]
[Site "Odisha"]
[Date "2019.06.01"]
[Round "2.18"]
[White "Dhyana Patel"]
[Black "Muthaiah AL"]
[Result "1/2-1/2"]
[ECO "B28"]
[WhiteElo "1911"]
[BlackElo "2427"]
[Annotator "ChessBase"]
[PlyCount "73"]
[EventDate "2019.01.18"]
[EventType "swiss"]
[EventCountry "IND"]
[SourceTitle "playchess.com"]
[Source "ChessBase"]
[SourceQuality "1"]
[TimeControl "5400+30"]

1. e4 c5 2. Nf3 a6 3. d4 cxd4 4. Nxd4 Nf6 5. Nc3 e5 6. Nf3 Bb4 7. Bd2 O-O 8. Bd3 Nc6 9. O-O h6 10. Nd5 Bxd2 11. Nxf6+ Qxf6 12. Nxd2 Ne7 13. Nc4 b5 14. Ne3 Bb7 15. a4 b4 16. a5 d5 17. exd5 Nxd5 18. Nxd5 Bxd5 19. Bh7+ Kxh7 20. Qxd5 Rac8 21. Qe4+ Kg8 22. Rfe1 Rfd8 23. Rad1 Rxd1 24. Rxd1 Qc6 25. Qxb4 Qxc2 26. Re1 Rc5 27. Qb8+ Kh7 28. Qb7 Qe2 29. Qb4 Qb5 30. Qe4+ g6 31. h4 Qxb2 32. h5 Rxa5 33. hxg6+ fxg6 34. Qc6 Ra1 35. Qd7+ Kg8 36. Qe8+ Kg7 37. Qe7+ 1/2-1/2

[Event "12th KIIT International 2019"]
[Site "Odisha"]
[Date "2019.06.01"]
[Round "2.19"]
[White "Das, Sayantan"]
[Black "Anisuzzaman, Jewel"]
[Result "1-0"]
[ECO "B18"]
[WhiteElo "2419"]
[BlackElo "1936"]
[Annotator "ChessBase"]
[PlyCount "61"]
[EventDate "2019.01.18"]
[EventType "swiss"]
[EventCountry "IND"]
[SourceTitle "playchess.com"]
[Source "ChessBase"]
[SourceQuality "1"]
[TimeControl "5400+30"]

1. e4 c6 2. d4 d5 3. Nd2 dxe4 4. Nxe4 Bf5 5. Ng3 Bg6 6. h4 h6 7. Nh3 e6 8. Nf4 Bh7 9. Bc4 Nf6 10. Qe2 Be7 11. Bxe6 O-O 12. Bb3 Qxd4 13. Qxe7 Nbd7 14. c3 Qb6 15. O-O Rae8 16. Qb4 Qc7 17. Nh3 c5 18. Bf4 Qc6 19. Qa5 b6 20. Qa6 Rd8 21. Rad1 Qa8 22. Bd6 Rfe8 23. Nf4 Ne5 24. Bxe5 Rxe5 25. Rxd8+ Qxd8 26. Qxa7 Re7 27. Qa6 Rd7 28. Re1 Rd2 29. Qc4 Qc7 30. Nd5 Rxd5 31. Qxd5 1-0

[Event "12th KIIT International 2019"]
[Site "Odisha"]
[Date "2019.06.02"]
[Round "3.2"]
[White "Amonatov, Farrukh"]
[Black "Ziatdinov, Raset"]
[Result "1-0"]
[ECO "B40"]
[WhiteElo "2624"]
[BlackElo "2249"]
[Annotator "RC"]
[PlyCount "67"]
[EventDate "2019.01.18"]
[EventType "swiss"]
[EventCountry "IND"]
[SourceTitle "playchess.com"]
[Source "ChessBase"]
[SourceQuality "1"]
[TimeControl "5400+30"]

1. e4 c5 2. Nf3 e6 3. d4 cxd4 4. Nxd4 Nf6 5. Nc3 Bb4 6. e5 Ne4 7. Qd3 Qc7 8. Qxe4 Bxc3+ 9. bxc3 Qxc3+ 10. Kd1 Qxa1 11. Nb5 d5 12. Qb4 Nc6 13. Nc7+ Kd8 14. Qd6+ Bd7 15. Nxa8 Qxe5 16. Bf4 Qxd6 17. Bxd6 Bc8 18. Nc7 Kd7 19. Bg3 a6 20. Na8 e5 21. Nb6+ Kd6 22. Nxc8+ Rxc8 23. c3 f5 24. f3 f4 25. Bh4 Na5 26. Be1 e4 27. g3 g5 28. h4 h6 29. hxg5 hxg5 30. Rh6+ Ke5 31. Rh5 Nc4 32. Rxg5+ Kf6 33. gxf4 exf3 34. Bf2 1-0

[Event "12th KIIT International 2019"]
[Site "Odisha"]
[Date "2019.06.02"]
[Round "3.5"]
[White "Srihari L R"]
[Black "Burmakin, Vladimir"]
[Result "1/2-1/2"]
[ECO "A45"]
[WhiteElo "2214"]
[BlackElo "2526"]
[Annotator "ChessBase"]
[PlyCount "45"]
[EventDate "2019.01.18"]
[EventType "swiss"]
[EventCountry "IND"]
[SourceTitle "playchess.com"]
[Source "ChessBase"]
[SourceQuality "1"]
[TimeControl "5400+30"]

1. d4 Nf6 2. Bg5 c6 3. Nd2 Qb6 4. Nb3 d5 5. e3 Ne4 6. Bf4 a5 7. a4 Nd7 8. Nf3 h6 9. h4 Ndf6 10. Ne5 h5 11. f3 Nd6 12. Bd3 g6 13. c3 Bf5 14. Qc2 e6 15. Nc5 Bxd3 16. Qxd3 Rg8 17. O-O Qc7 18. c4 b6 19. Nb3 dxc4 20. Nxc4 Nd5 21. Bg3 Qd8 22. Ne5 Nb4 23. Qe2 1/2-1/2

[Event "12th KIIT International 2019"]
[Site "Odisha"]
[Date "2019.06.02"]
[Round "3.6"]
[White "Rahman, Ziaur"]
[Black "Arpita, Mukherjee"]
[Result "1/2-1/2"]
[ECO "A45"]
[WhiteElo "2481"]
[BlackElo "2196"]
[Annotator "ChessBase"]
[PlyCount "64"]
[EventDate "2019.01.18"]
[EventType "swiss"]
[EventCountry "IND"]
[SourceTitle "playchess.com"]
[Source "ChessBase"]
[SourceQuality "1"]
[TimeControl "5400+30"]

1. d4 Nf6 2. Bg5 Ne4 3. Bf4 d5 4. e3 c5 5. Bd3 Nf6 6. Nc3 a6 7. dxc5 Nc6 8. Nf3 Bg4 9. Be2 e6 10. Nd4 Bxe2 11. Qxe2 Bxc5 12. Nxc6 bxc6 13. O-O Bb4 14. Na4 O-O 15. c4 Nd7 16. Rac1 e5 17. Bg3 Qa5 18. b3 Rfe8 19. Rfd1 Ba3 20. Rb1 d4 21. exd4 exd4 22. Qf3 c5 23. h4 Nf6 24. Be5 Qd8 25. Bxf6 Qxf6 26. Qxf6 gxf6 27. Nb6 Rad8 28. Kf1 a5 29. Nd5 Kg7 30. Rd3 Rd6 31. Nc7 Rb8 32. Re1 Rc6 1/2-1/2

[Event "12th KIIT International 2019"]
[Site "Odisha"]
[Date "2019.06.02"]
[Round "3.7"]
[White "Baivab Mishra"]
[Black "Vasquez Schroeder, Rodrigo"]
[Result "0-1"]
[ECO "A30"]
[WhiteElo "2209"]
[BlackElo "2476"]
[Annotator "ChessBase"]
[PlyCount "74"]
[EventDate "2019.01.18"]
[EventType "swiss"]
[EventCountry "IND"]
[SourceTitle "playchess.com"]
[Source "ChessBase"]
[SourceQuality "1"]
[TimeControl "5400+30"]

1. Nf3 Nf6 2. c4 e6 3. g3 b6 4. Bg2 Bb7 5. O-O c5 6. Nc3 a6 7. Re1 d6 8. e4 Be7 9. d4 cxd4 10. Nxd4 Qc7 11. Qd3 O-O 12. b3 Nbd7 13. Bb2 Nc5 14. Qe2 Rfe8 15. Rac1 Rac8 16. h3 Bf8 17. g4 g6 18. Qd2 Qb8 19. Nde2 e5 20. Qe3 Ba8 21. Nd5 Bxd5 22. cxd5 b5 23. Ng3 h6 24. Bf3 Nh7 25. Kh2 Be7 26. Qe2 Bg5 27. Rc2 Nd7 28. Nf1 Rxc2 29. Qxc2 Rc8 30. Qd3 Qb6 31. Ne3 Qa5 32. Qb1 Bf4+ 33. Kg2 Ng5 34. Nf1 Nf6 35. a3 Qc7 36. Re2 Qd7 37. Ne3 h5 0-1

[Event "12th KIIT International 2019"]
[Site "Odisha"]
[Date "2019.06.02"]
[Round "3.8"]
[White "Nguyen, Van Huy"]
[Black "Patil, Pratik"]
[Result "1/2-1/2"]
[ECO "D85"]
[WhiteElo "2456"]
[BlackElo "2184"]
[Annotator "ChessBase"]
[PlyCount "52"]
[EventDate "2019.01.18"]
[EventType "swiss"]
[EventCountry "IND"]
[SourceTitle "playchess.com"]
[Source "ChessBase"]
[SourceQuality "1"]
[TimeControl "5400+30"]

1. d4 Nf6 2. c4 g6 3. Nc3 d5 4. cxd5 Nxd5 5. Bd2 Nb6 6. e4 Bg7 7. Be3 O-O 8. h3 e5 9. Nf3 exd4 10. Bxd4 Nc6 11. Bxg7 Qxd1+ 12. Rxd1 Kxg7 13. Bb5 Nb4 14. O-O a6 15. Be2 Re8 16. Nd4 Bd7 17. Rd2 Nc6 18. Rfd1 Nxd4 19. Rxd4 Bc6 20. f4 h5 21. Kf2 Kf8 22. Bf3 Ke7 23. e5 Bxf3 24. Kxf3 Rad8 25. Ne4 Rxd4 26. Rxd4 Nd7 1/2-1/2

[Event "12th KIIT International 2019"]
[Site "Odisha"]
[Date "2019.06.02"]
[Round "3.9"]
[White "Nayak Rajesh"]
[Black "Kostenko, Petr"]
[Result "1-0"]
[ECO "C13"]
[WhiteElo "2175"]
[BlackElo "2473"]
[Annotator "ChessBase"]
[PlyCount "74"]
[EventDate "2019.01.18"]
[EventType "swiss"]
[EventCountry "IND"]
[SourceTitle "playchess.com"]
[Source "ChessBase"]
[SourceQuality "1"]
[TimeControl "5400+30"]

1. e4 e6 2. d4 d5 3. Nc3 Nf6 4. Bg5 dxe4 5. Nxe4 Be7 6. Bxf6 gxf6 7. Nf3 b6 8. Bc4 Bb7 9. Qe2 Nd7 10. O-O-O c6 11. Rhe1 Qc7 12. Kb1 O-O-O 13. Ba6 b5 14. Bxb7+ Kxb7 15. c3 h5 16. g3 Ka8 17. Ned2 Nb6 18. Nh4 b4 19. Nb3 bxc3 20. bxc3 Nd5 21. Qc4 Qb6 22. Kc2 Qb5 23. Nd2 Rd7 24. f4 Rc8 25. f5 e5 26. a4 Qa5 27. Nb3 Qc7 28. Nf3 exd4 29. Nfxd4 h4 30. Rd3 Bf8 31. Qxc6+ Qxc6 32. Nxc6 Rdc7 33. Rxd5 Rxc6 34. Re3 hxg3 35. hxg3 Bb4 36. Rdd3 Bd6 37. Nd4 Rb6 1-0

[Event "12th KIIT International 2019"]
[Site "Odisha"]
[Date "2019.06.02"]
[Round "3.10"]
[White "Laxman, R.R."]
[Black "Hari Madhavan N B"]
[Result "1-0"]
[ECO "D23"]
[WhiteElo "2437"]
[BlackElo "2093"]
[Annotator "ChessBase"]
[PlyCount "87"]
[EventDate "2019.01.18"]
[EventType "swiss"]
[EventCountry "IND"]
[SourceTitle "playchess.com"]
[Source "ChessBase"]
[SourceQuality "1"]
[TimeControl "5400+30"]

1. d4 d5 2. Nf3 Nf6 3. c4 c6 4. Qc2 dxc4 5. Qxc4 b5 6. Qc2 Bb7 7. e4 e6 8. Bd3 h6 9. O-O Nbd7 10. Nbd2 Be7 11. Nb3 O-O 12. Qe2 c5 13. dxc5 Nxc5 14. Nxc5 Bxc5 15. e5 Ng4 16. Bf4 Bxf3 17. gxf3 Nxf2 18. Rxf2 Bxf2+ 19. Kxf2 Qd4+ 20. Kg3 g5 21. Be3 Qxe5+ 22. f4 gxf4+ 23. Bxf4 Qxe2 24. Bxe2 e5 25. Bxh6 Rfd8 26. Kg4 Rd6 27. Be3 Rf6 28. h4 Rc8 29. Rc1 Rxc1 30. Bxc1 Rc6 31. Be3 Rc2 32. Bxb5 Rxb2 33. a4 a6 34. Bd7 Rb7 35. Bc6 Rb4+ 36. Kg5 Rb3 37. Ba7 Rc3 38. Bd5 Ra3 39. Kf6 Rxa4 40. Bxf7+ Kh8 41. h5 Rf4+ 42. Kg6 Rg4+ 43. Kf6 Rf4+ 44. Ke7 1-0

[Event "12th KIIT International 2019"]
[Site "Odisha"]
[Date "2019.06.02"]
[Round "3.11"]
[White "Khusenkhojaev, Muhammad"]
[Black "Joshi, Govind Ballabh"]
[Result "1-0"]
[ECO "E04"]
[WhiteElo "2446"]
[BlackElo "2121"]
[Annotator "ChessBase"]
[PlyCount "75"]
[EventDate "2019.01.18"]
[EventType "swiss"]
[EventCountry "IND"]
[SourceTitle "playchess.com"]
[Source "ChessBase"]
[SourceQuality "1"]
[TimeControl "5400+30"]

1. Nf3 d5 2. d4 e6 3. c4 Nf6 4. g3 dxc4 5. Bg2 a6 6. O-O Nc6 7. e3 Bd7 8. Qe2 Bd6 9. Qxc4 Rb8 10. Rd1 Qe7 11. Nbd2 e5 12. dxe5 Nxe5 13. Nxe5 Qxe5 14. Qc2 Bg4 15. Re1 Qc5 16. Nc4 Be7 17. b3 Qh5 18. Bb2 O-O 19. Ne5 c6 20. Nxg4 Nxg4 21. h3 Nf6 22. e4 Rbd8 23. Red1 Qa5 24. e5 Nd5 25. a3 Nc7 26. b4 Qb6 27. Be4 h6 28. Qc3 Ne6 29. h4 c5 30. Qe3 a5 31. Bc3 axb4 32. axb4 Qc7 33. b5 Rxd1+ 34. Rxd1 b6 35. Bd3 Rd8 36. Qe4 g6 37. Ra1 Qd7 38. Bc4 1-0

[Event "12th KIIT International 2019"]
[Site "Odisha"]
[Date "2019.06.02"]
[Round "3.12"]
[White "Matta, Vinay Kumar"]
[Black "Shyaamnikhil P"]
[Result "0-1"]
[ECO "B96"]
[WhiteElo "2181"]
[BlackElo "2434"]
[Annotator "ChessBase"]
[PlyCount "52"]
[EventDate "2019.01.18"]
[EventType "swiss"]
[EventCountry "IND"]
[SourceTitle "playchess.com"]
[Source "ChessBase"]
[SourceQuality "1"]
[TimeControl "5400+30"]

1. e4 c5 2. Nf3 d6 3. d4 Nf6 4. Nc3 cxd4 5. Nxd4 a6 6. Bg5 Nbd7 7. f4 Qc7 8. Qe2 e6 9. O-O-O Be7 10. Kb1 b5 11. a3 Rb8 12. Nb3 Nb6 13. e5 dxe5 14. fxe5 Nfd5 15. Nxd5 Nxd5 16. Bxe7 Nxe7 17. h4 O-O 18. h5 h6 19. Rh3 Nd5 20. Rd4 f6 21. exf6 Rxf6 22. Rf3 Bd7 23. Rxf6 Nxf6 24. Qd1 e5 25. Rd6 Bg4 26. Qd2 Bxh5 0-1

[Event "12th KIIT International 2019"]
[Site "Odisha"]
[Date "2019.06.02"]
[Round "3.13"]
[White "Swain Ashirwad"]
[Black "Das, Sayantan"]
[Result "0-1"]
[ECO "E94"]
[WhiteElo "2118"]
[BlackElo "2419"]
[Annotator "ChessBase"]
[PlyCount "54"]
[EventDate "2019.01.18"]
[EventType "swiss"]
[EventCountry "IND"]
[SourceTitle "playchess.com"]
[Source "ChessBase"]
[SourceQuality "1"]
[TimeControl "5400+30"]

1. d4 Nf6 2. c4 g6 3. Nc3 Bg7 4. e4 d6 5. Nf3 O-O 6. Be2 e5 7. O-O Nbd7 8. Bg5 h6 9. Bh4 c6 10. Qd2 Re8 11. d5 Nc5 12. Qc2 a5 13. Rfd1 Bd7 14. Nd2 Rc8 15. Nb3 Na6 16. c5 a4 17. Nxa4 cxd5 18. Bxf6 Bxf6 19. Bxa6 bxa6 20. Nc3 d4 21. Nd5 Be7 22. Nxe7+ Qxe7 23. Rac1 Ba4 24. Qc4 Bxb3 25. axb3 Rxc5 26. Qxa6 Qc7 27. Rxc5 Qxc5 0-1

[Event "12th KIIT International 2019"]
[Site "Odisha"]
[Date "2019.06.02"]
[Round "3.14"]
[White "Koustav Chatterjee"]
[Black "Rathneesh R"]
[Result "1-0"]
[ECO "E05"]
[WhiteElo "2404"]
[BlackElo "2160"]
[Annotator "ChessBase"]
[PlyCount "57"]
[EventDate "2019.01.18"]
[EventType "swiss"]
[EventCountry "IND"]
[SourceTitle "playchess.com"]
[Source "ChessBase"]
[SourceQuality "1"]
[TimeControl "5400+30"]

1. Nf3 Nf6 2. g3 d5 3. d4 e6 4. c4 Be7 5. Bg2 O-O 6. O-O dxc4 7. Qc2 a6 8. a4 Bd7 9. Rd1 Bc6 10. Nc3 Bb4 11. Ne5 Bxg2 12. Kxg2 Nc6 13. Nxc6 bxc6 14. Na2 Rb8 15. f3 Qd7 16. Qxc4 c5 17. Bg5 Qd5 18. Qxd5 Nxd5 19. e4 h6 20. Bc1 Nf6 21. Nxb4 Rxb4 22. dxc5 Rfb8 23. Ra2 Kf8 24. Kf2 Rc4 25. Be3 Rbb4 26. Ke2 Rxa4 27. Rxa4 Rxa4 28. Kd3 Nd7 29. Kc3 1-0

[Event "12th KIIT International 2019"]
[Site "Odisha"]
[Date "2019.06.02"]
[Round "3.16"]
[White "Manush Shah"]
[Black "Kiran, Manisha Mohanty"]
[Result "1/2-1/2"]
[ECO "D03"]
[WhiteElo "2385"]
[BlackElo "2090"]
[Annotator "ChessBase"]
[PlyCount "68"]
[EventDate "2019.01.18"]
[EventType "swiss"]
[EventCountry "IND"]
[SourceTitle "playchess.com"]
[Source "ChessBase"]
[SourceQuality "1"]
[TimeControl "5400+30"]

1. d4 Nf6 2. Nf3 g6 3. Bg5 Bg7 4. Nbd2 d5 5. e3 O-O 6. Be2 c5 7. c3 Qb6 8. Qb3 Nc6 9. O-O Be6 10. Qa3 Nd7 11. Rac1 Rfe8 12. dxc5 Qxc5 13. b4 Qd6 14. Bf4 Nde5 15. Rfd1 a5 16. Nc4 Nxc4 17. Bxc4 axb4 18. Qxa8 Rxa8 19. Bxd6 dxc4 20. Bxb4 Nxb4 21. cxb4 Bb2 22. Rc2 c3 23. Nd4 Bxa2 24. f4 f6 25. Rd3 Bc4 26. Rdxc3 Bxc3 27. Rxc3 Ra1+ 28. Kf2 b5 29. Rc2 Rb1 30. Nc6 Kf7 31. Rd2 h5 32. e4 Rb3 33. e5 fxe5 34. fxe5 g5 1/2-1/2

[Event "12th KIIT International 2019"]
[Site "Odisha"]
[Date "2019.06.02"]
[Round "3.17"]
[White "Sahoo, Utkal Ranjan"]
[Black "Barath Kalyan M"]
[Result "1-0"]
[ECO "D00"]
[WhiteElo "2371"]
[BlackElo "2084"]
[Annotator "ChessBase"]
[PlyCount "63"]
[EventDate "2019.01.18"]
[EventType "swiss"]
[EventCountry "IND"]
[SourceTitle "playchess.com"]
[Source "ChessBase"]
[SourceQuality "1"]
[TimeControl "5400+30"]

1. d4 Nf6 2. Bg5 d5 3. Bxf6 exf6 4. e3 Bd6 5. g3 O-O 6. Bg2 Nc6 7. Ne2 Ne7 8. b3 c6 9. O-O Bf5 10. c4 Qd7 11. Nbc3 Bh3 12. Qd3 h5 13. cxd5 cxd5 14. Qb5 Qxb5 15. Nxb5 Bxg2 16. Kxg2 Rfd8 17. Rfc1 Nc6 18. h4 g6 19. Kf3 f5 20. Nxd6 Rxd6 21. Rc5 Kg7 22. Nf4 Rad8 23. Rac1 R8d7 24. Ke2 Nd8 25. Nd3 Ne6 26. R5c2 Re7 27. Kd2 Re8 28. Ne5 Kf6 29. Nd3 Ke7 30. Nc5 Nxc5 31. dxc5 Rd7 32. Kd3 1-0

[Event "12th KIIT International 2019"]
[Site "Odisha"]
[Date "2019.06.02"]
[Round "3.18"]
[White "Kumar, Gaurav"]
[Black "Viani Antonio Dcunha"]
[Result "0-1"]
[ECO "C78"]
[WhiteElo "2082"]
[BlackElo "2362"]
[Annotator "RC"]
[PlyCount "71"]
[EventDate "2019.01.18"]
[EventType "swiss"]
[EventCountry "IND"]
[SourceTitle "playchess.com"]
[Source "ChessBase"]
[SourceQuality "1"]
[TimeControl "5400+30"]

1. e4 e5 2. Nf3 Nc6 3. Bb5 a6 4. Ba4 Nf6 5. O-O Bc5 6. Nxe5 Nxe5 7. d4 b5 8. Bb3 Bxd4 9. Qxd4 d6 10. f4 c5 11. Qd1 Nc6 12. c3 O-O 13. Qf3 Qb6 14. Bc2 Bb7 15. Be3 Rae8 16. Nd2 Na5 17. b4 Nc4 18. bxc5 dxc5 19. Nxc4 bxc4 20. Rab1 Qc7 21. Rxb7 Qxb7 22. Bxc5 Nxe4 23. Bxe4 Qxe4 24. Qxe4 Re7 25. Qe5 Rxe5 26. Be7 Re4 27. Bxf8 Kxf8 28. Rb1 Re3 29. Rb6 a5 30. Ra6 Rxc3 31. Rxa5 Ke7 32. Ra7+ Kd6 33. Kf2 Rc2+ 34. Kf3 c3 35. Rxf7 Rxg2 36. Ke4 {[%emt 0:05:00] Ke5+ Kd4+ Kd6 [%clk 0:00:00] Ke3 Ke5 [%clk 0:00:00] Kd4+ [%clk 0:00:00]} 0-1

[Event "12th KIIT International 2019"]
[Site "Odisha"]
[Date "2019.06.02"]
[Round "4.4"]
[White "Vasquez Schroeder, Rodrigo"]
[Black "Sahoo, Utkal Ranjan"]
[Result "1/2-1/2"]
[ECO "C54"]
[WhiteElo "2476"]
[BlackElo "2371"]
[Annotator "ChessBase"]
[PlyCount "86"]
[EventDate "2019.01.18"]
[EventType "swiss"]
[EventCountry "IND"]
[SourceTitle "playchess.com"]
[Source "ChessBase"]
[SourceQuality "1"]
[TimeControl "5400+30"]

1. e4 e5 2. Nf3 Nc6 3. Bc4 Bc5 4. c3 Nf6 5. d3 d6 6. Bb3 a6 7. h3 h6 8. Nbd2 O-O 9. Nf1 Re8 10. Ng3 Ne7 11. O-O Ng6 12. d4 Ba7 13. Re1 c6 14. Bc2 Be6 15. Be3 Qc7 16. Qd2 Kh7 17. Nf5 Ng8 18. Rad1 Red8 19. Qc1 f6 20. Ng3 Kh8 21. b3 Qf7 22. c4 b5 23. cxb5 axb5 24. Qb2 N8e7 25. Rd2 c5 26. dxc5 Bxc5 27. Bxc5 dxc5 28. Rxd8+ Rxd8 29. Qc3 Nf4 30. Rd1 Rxd1+ 31. Bxd1 c4 32. bxc4 Bxc4 33. a4 bxa4 34. Bxa4 Ne2+ 35. Nxe2 Bxe2 36. Nd2 Bh5 37. Qc7 Qa2 38. Qd8+ Kh7 39. Bb5 Bg6 40. Qd6 Nc8 41. Qb4 Qa1+ 42. Bf1 Qe1 43. Qc3 Ne7 1/2-1/2

[Event "12th KIIT International 2019"]
[Site "Odisha"]
[Date "2019.06.02"]
[Round "4.5"]
[White "Pranav Vijay"]
[Black "Laxman, R.R."]
[Result "0-1"]
[ECO "C67"]
[WhiteElo "2265"]
[BlackElo "2437"]
[Annotator "ChessBase"]
[PlyCount "162"]
[EventDate "2019.01.18"]
[EventType "swiss"]
[EventCountry "IND"]
[SourceTitle "playchess.com"]
[Source "ChessBase"]
[SourceQuality "1"]
[TimeControl "5400+30"]

1. e4 e5 2. Nf3 Nc6 3. Bb5 Nf6 4. O-O Nxe4 5. Re1 Nd6 6. Nxe5 Nxe5 7. Rxe5+ Be7 8. Bd3 O-O 9. Nc3 c6 10. b3 Ne8 11. Bb2 d5 12. Qf3 Bd6 13. Ree1 Qh4 14. h3 Nf6 15. Nd1 d4 16. g3 Qxh3 17. Bxd4 Ng4 18. Qh1 Qxh1+ 19. Kxh1 c5 20. Bb2 Bd7 21. Kg2 Rfe8 22. Ne3 Bc6+ 23. f3 Be5 24. Nxg4 Bxb2 25. Rxe8+ Rxe8 26. Rh1 g6 27. c3 Rd8 28. Nf2 b5 29. Rb1 Ba3 30. Rd1 f5 31. Re1 Kf7 32. Rd1 h5 33. Be2 Kf6 34. Nd3 c4 35. Nf2 g5 36. Kf1 Bd6 37. f4 gxf4 38. gxf4 Bxf4 39. bxc4 bxc4 40. d4 cxd3 41. Rxd3 Rb8 42. Rh3 Rb1+ 43. Nd1 Ba4 44. Rd3 Bc2 45. Rd4 Be3 46. Rd8 Ke7 47. Rd5 Be4 48. Re5+ Kf6 49. Rxe4 fxe4 50. Bxh5 Kg5 51. Be2 Ra1 52. Ke1 Kf4 53. Bc4 Rc1 54. Bb3 Kf3 55. Ba4 Ra1 56. Bb3 Bf2+ 57. Kd2 e3+ 58. Kd3 Rc1 59. Ba4 Be1 60. Bc6+ Kf4 61. Ba4 Bd2 62. Bb3 a5 63. Ba4 Rb1 64. Bb3 Ra1 65. Ke2 a4 66. Bxa4 Rxa2 67. Bb3 Ra3 68. Bc4 Ra8 69. Bd5 Rh8 70. Nb2 Rh2+ 71. Kd3 Bc1 72. Nc4 e2 73. Kc2 e1=Q+ 74. Kd3 Qd1+ 75. Nd2 Rxd2+ 76. Kc4 Rxd5 77. Kb4 Ba3+ 78. Kc4 Qd3+ 79. Kb3 Rb5+ 80. Ka4 Qc4+ 81. Kxa3 Qb3# 0-1

[Event "12th KIIT International 2019"]
[Site "Odisha"]
[Date "2019.06.02"]
[Round "4.6"]
[White "Siva Mahadevan"]
[Black "Khusenkhojaev, Muhammad"]
[Result "0-1"]
[ECO "C67"]
[WhiteElo "2298"]
[BlackElo "2446"]
[Annotator "ChessBase"]
[PlyCount "120"]
[EventDate "2019.01.18"]
[EventType "swiss"]
[EventCountry "IND"]
[SourceTitle "playchess.com"]
[Source "ChessBase"]
[SourceQuality "1"]
[TimeControl "5400+30"]

1. e4 e5 2. Nf3 Nc6 3. Bb5 Nf6 4. O-O Nxe4 5. Re1 Nd6 6. Nxe5 Be7 7. Bf1 Nxe5 8. Rxe5 O-O 9. d4 Bf6 10. Bd3 Ne8 11. Re1 d5 12. c3 c6 13. Bf4 g6 14. Nd2 Ng7 15. Qb3 Qb6 16. a4 Bd7 17. a5 Qxb3 18. Nxb3 Ne6 19. Bd6 Rfe8 20. f4 Rad8 21. g3 a6 22. Kg2 Ng7 23. Nc5 Rxe1 24. Rxe1 Bc8 25. Be5 Re8 26. Kf2 Be7 27. Bxg7 Kxg7 28. b4 Kf8 29. Kf3 Rd8 30. Re3 Bd6 31. Re1 Kg7 32. Re3 Kf6 33. h4 h6 34. Re1 Rh8 35. Rh1 Re8 36. Kf2 Re7 37. Re1 Rxe1 38. Kxe1 g5 39. hxg5+ hxg5 40. fxg5+ Kxg5 41. Kf2 Kg4 42. Be2+ Kh3 43. Bf1+ Kh2 44. Nd3 Bxg3+ 45. Kf3 f6 46. Be2 Kh3 47. Nf4+ Kh2 48. Nd3 Bh3 49. Nc5 f5 50. Bd3 Bg4+ 51. Ke3 f4+ 52. Kd2 Bc8 53. Ke2 Kg2 54. Bc2 f3+ 55. Ke3 f2 56. Bd3 f1=Q 57. Bxf1+ Kxf1 58. Kd2 Bf4+ 59. Kc2 Ke2 60. Kb2 Bd6 0-1

[Event "12th KIIT International 2019"]
[Site "Odisha"]
[Date "2019.06.02"]
[Round "4.7"]
[White "Shyaamnikhil P"]
[Black "Nayak Rajesh"]
[Result "1/2-1/2"]
[ECO "B25"]
[WhiteElo "2434"]
[BlackElo "2175"]
[Annotator "ChessBase"]
[PlyCount "50"]
[EventDate "2019.01.18"]
[EventType "swiss"]
[EventCountry "IND"]
[SourceTitle "playchess.com"]
[Source "ChessBase"]
[SourceQuality "1"]
[TimeControl "5400+30"]

1. e4 c5 2. Nc3 Nc6 3. g3 g6 4. Bg2 Bg7 5. f4 d6 6. Nf3 Nf6 7. d3 O-O 8. O-O Rb8 9. a4 a6 10. h3 b5 11. g4 b4 12. Ne2 c4 13. g5 cxd3 14. cxd3 Nd7 15. d4 Na5 16. Ng3 Bb7 17. Qd3 Qc7 18. Rf2 Qc4 19. Qxc4 Nxc4 20. b3 Na5 21. Rb1 Rfc8 22. Bd2 Ba8 23. Bf1 Rb6 24. Be1 Rc7 25. h4 Rc8 1/2-1/2

[Event "12th KIIT International 2019"]
[Site "Odisha"]
[Date "2019.06.02"]
[Round "4.10"]
[White "Mohammad Fahad, Rahman"]
[Black "Debashis, Das"]
[Result "1/2-1/2"]
[ECO "B41"]
[WhiteElo "2305"]
[BlackElo "2544"]
[Annotator "ChessBase"]
[PlyCount "139"]
[EventDate "2019.01.18"]
[EventType "swiss"]
[EventCountry "IND"]
[SourceTitle "playchess.com"]
[Source "ChessBase"]
[SourceQuality "1"]
[TimeControl "5400+30"]

1. e4 c5 2. Nf3 e6 3. d4 cxd4 4. Nxd4 a6 5. c4 Nf6 6. Nc3 Qc7 7. Be2 b6 8. O-O Bb7 9. Qc2 Bc5 10. Be3 Nc6 11. Rfd1 O-O 12. a3 Rac8 13. Nxc6 Bxc6 14. Bxc5 bxc5 15. b4 Qe5 16. f3 cxb4 17. axb4 Rb8 18. Ra5 Qc7 19. Rxa6 Rxb4 20. Qd2 Qe5 21. Qd4 Qxd4+ 22. Rxd4 Rfb8 23. Rd2 Kf8 24. Kf2 Ke7 25. Ke3 Rb3 26. Rd3 R8b4 27. Ra2 Ne8 28. Bd1 Rb2 29. Rxb2 Rxb2 30. Rd2 Rb4 31. Be2 Nd6 32. Kd4 Rb3 33. Rc2 f6 34. f4 Nf7 35. g3 e5+ 36. Ke3 Nd6 37. Bd3 Nb7 38. Nd1 Bxe4 39. Rc3 Rxc3 40. Nxc3 Bxd3 41. Kxd3 Ke6 42. Nd5 Nd6 43. fxe5 Kxe5 44. Nb6 Ke6 45. Kd4 h5 46. Nd5 Nf5+ 47. Ke4 Nd6+ 48. Kd4 g5 49. Nc7+ Ke7 50. c5 Nf5+ 51. Ke4 Ng7 52. Nd5+ Ke6 53. Nc7+ Kf7 54. Kd5 Ke7 55. Nb5 Ne6 56. c6 dxc6+ 57. Kxc6 g4 58. Nc3 Nd4+ 59. Kd5 Nf3 60. Ne2 Nxh2 61. Nf4 Kf7 62. Nxh5 Kg6 63. Nf4+ Kf5 64. Ne2 Nf1 65. Kd4 Nxg3 66. Nxg3+ Kf4 67. Nh5+ Kf3 68. Kd5 g3 69. Nxg3 Kxg3 70. Ke6 1/2-1/2

[Event "12th KIIT International 2019"]
[Site "Odisha"]
[Date "2019.06.02"]
[Round "4.11"]
[White "Burmakin, Vladimir"]
[Black "Neelash Saha"]
[Result "1-0"]
[ECO "A14"]
[WhiteElo "2526"]
[BlackElo "2315"]
[Annotator "ChessBase"]
[PlyCount "85"]
[EventDate "2019.01.18"]
[EventType "swiss"]
[EventCountry "IND"]
[SourceTitle "playchess.com"]
[Source "ChessBase"]
[SourceQuality "1"]
[TimeControl "5400+30"]

1. Nf3 Nf6 2. g3 d5 3. Bg2 e6 4. c4 Be7 5. O-O O-O 6. Qc2 d4 7. e3 c5 8. exd4 cxd4 9. d3 Nc6 10. a3 a5 11. Re1 Nd7 12. Nbd2 a4 13. b4 axb3 14. Nxb3 Nc5 15. Bd2 Nxb3 16. Qxb3 Qc7 17. Bb4 Rd8 18. Rab1 Ra6 19. Nd2 Rb6 20. Ba5 Rxb3 21. Bxc7 Rxb1 22. Rxb1 Rd7 23. Bb6 Ne5 24. Rb3 g5 25. a4 f5 26. a5 g4 27. f4 gxf3 28. Nxf3 Nc6 29. Rb5 Bf6 30. Rc5 Be7 31. Rxc6 bxc6 32. Ne5 Bf6 33. Nxd7 Bxd7 34. a6 Bc8 35. a7 Bb7 36. Bf3 Kf7 37. g4 Kg6 38. gxf5+ exf5 39. Bc7 Be7 40. Kg2 h5 41. Kg3 Bg5 42. Be5 f4+ 43. Kg2 1-0